 Dungeon Crawl Stone Soup version 0.18.1-50-g88ac8fd (webtiles) character file.

88 Drunkenshrew the Shooter (level 4, -2/29 HPs)
             Began as a High Elf Hunter on Oct 29, 2016.
             Killed by divine providence
             ... invoked by an orc priest
              (12 damage)
             ... on level 3 of the Dungeon.
             The game lasted 00:06:55 (1978 turns).

Drunkenshrew the Shooter (High Elf Hunter)          Turns: 1978, Time: 00:06:55

Health: -2/29      AC:  6    Str: 11    XL:     4   Next: 30%
Magic:  5/5        EV: 12    Int: 14    God:
Gold:   64         SH:  0    Dex: 17    Spells: 0 memorised, 3 levels left

rFire  . . .     SeeInvis .     q - +0 rapier
rCold  . . .     Gourm    .     c - +0 leather armour
rNeg   . . .     Faith    .     (no shield)
rPois  .         Spirit   .     (no helmet)
rElec  .         Dismiss  .     (no cloak)
rCorr  .         Reflect  .     (no gloves)
SustAt .         Harm     .     (no boots)
MR     .....                    (no amulet)
Stlth  ++........               (no ring)
                                e - +3 ring of protection

@: very slightly contaminated, hasted, very quick, not resistant to hostile
enchantments, unstealthy
A: no striking features
a: no special abilities


You were on level 3 of the Dungeon.
You were not hungry.

You visited 1 branch of the dungeon, and saw 3 of its levels.

You collected 64 gold pieces.

Inventory:

Hand Weapons
 a - a +1 shortbow
 q - a +0 rapier (weapon)
Missiles
 d - 36 arrows
Armour
 c - a +0 leather armour (worn)
Jewellery
 e - a +3 ring of protection (left hand)
Scrolls
 b - a scroll of fear {unknown}
 h - a scroll of remove curse
 j - 2 scrolls of identify
 m - a scroll of random uselessness {unknown}
Potions
 g - a potion of curing
 l - 2 potions of brilliance
 o - a potion of mutation {unknown}
Miscellaneous
 p - a plain deck of wonders
Comestibles
 f - 2 bread rations
 i - a slice of pizza
 n - 4 fruits
 r - a chunk of flesh
 s - a meat ration


   Skills:
 - Level 2.0 Fighting
 - Level 3.0 Short Blades
 + Level 6.8 Bows
 - Level 2.1 Dodging
 - Level 1.1 Stealth


You had 3 spell levels left.
You didn't know any spells.

Dungeon Overview and Level Annotations

Branches:
Dungeon (3/15)

Altars:
Nemelex Xobeh


Message History

The orc is almost dead.
The orc hits you but does no damage.
You hit the orc.
You kill the orc!
You closely miss the orc. You hit something.
The orc priest calls down the wrath of Beogh upon you.
You closely miss something. You hit something.
The orc priest hits you from afar with a trident!
You hear some strange, mumbled words.
Something tries to affect you, but you resist.
The orc wizard shouts!
You closely miss something. Something hits you.
The orc priest hits you from afar with a trident!
You miss something.
There is an open door here.
The orc priest mumbles some strange prayers to Beogh against you.
Beogh smites you!
You die...

#............
#...(......# ####
###....†....#####....
+....o...............
###.oo..####... .....
##S##.####.# ....o .
#.#.......###o.... ..
##'########So......
#.#####.@.# #.##.....
###.........# #.#
.#... ............+
+.. .. ..
...#.###.#..# #.# .##
# .......†...# #.# .#
#.#.###.#..# #.# .#
#.#%#.#..# #.# .#
.#.###.#..#
...........#


You could see an orc priest, an orc wizard, an orc and a ball python.

Vanquished Creatures
  2 adders (D:2)
  An ooze (D:3)
  2 worms (D:2)
  3 dart slugs
  2 giant geckos (D:2)
  An orc (D:3)
  A ball python (D:1)
  2 giant cockroaches (D:3)
  8 goblins
  4 hobgoblins
  6 jackals
  3 kobolds (D:1)
  5 bats
  A giant newt (D:3)
  6 rats
47 creatures vanquished.

Notes
Turn   | Place    | Note
--------------------------------------------------------------
     0 | D:1      | Drunkenshrew the High Elf Hunter began the quest for the Orb.
     0 | D:1      | Reached XP level 1. HP: 14/14 MP: 2/2
   367 | D:1      | Reached XP level 2. HP: 19/19 MP: 3/3
   412 | D:1      | Reached skill level 6 in Bows
  1063 | D:2      | Reached skill level 1 in Short Blades
  1063 | D:2      | Reached XP level 3. HP: 19/24 MP: 4/4
  1829 | D:3      | Found a sparkling altar of Nemelex Xobeh.
  1855 | D:3      | Reached XP level 4. HP: 28/29 MP: 5/5
  1978 | D:3      | Killed from afar by an orc priest

Skill      XL: |  1  2  3 |
---------------+----------+-----
Bows           | 6 |  6.8
Short Blades   | 1 3 |  3.0
Fighting       | |  2.0
Dodging        | |  2.1
Stealth        | |  1.1

Action                   |  1- 3 |  4- 6 || total
-------------------------+-------+-------++-------
Melee: Rapier            |    60 |    55 ||   115
 Fire: Shortbow          |    62 |       ||    62
  Use: Scroll            |     7 |       ||     7
       Potion            |       |     1 ||     1
  Eat: Chunk             |     2 |     1 ||     3
Armor: Leather armour    |    32 |    14 ||    46
Dodge: Dodged            |    54 |    33 ||    87
